 Dungeon Crawl Stone Soup version 0.18-a0-844-g9229740 (webtiles) character file.

12978 root the Blocker (level 11, -12/91 HPs)
             Began as a Demonspawn Fighter on Dec 19, 2015.
             Was an Elder of Okawaru.
             Killed from afar by Fannar (19 damage)
             ... with a bolt of cold
             ... on level 2 of the Lair of Beasts.
             The game lasted 00:49:40 (11733 turns).

root the Blocker (Demonspawn Fighter)              Turns: 11733, Time: 00:49:40

Health: -12/91     AC: 20    Str: 17    XL:     11   Next: 69%
Magic:  13/13      EV: 17    Int:  9    God:    Okawaru [****..]
Gold:   349        SH: 14    Dex: 16    Spells: 0 memorised, 10 levels left

rFire  + . .     SeeInvis .     a - +0 long sword
rCold  . . .     Gourm    .     b - +0 scale mail
rNeg   . . .     Faith    .     c - +1 shield
rPois  +         Spirit   .     R - +2 hat
rElec  .         Dismiss  .     K - +2 cloak
rCorr  .         Reflect  .     I - +2 pair of gloves
SustAt .         Harm     .     (no boots)
MR     .....                    (no amulet)
Stlth  ++++......               (no ring)
                                p - ring of poison resistance

@: heroism, not resistant to hostile enchantments, stealthy
A: horns 1, rugged brown scales 2, fire resistance 1, nightstalker 2, flame
cloud immunity
a: Heroism, Renounce Religion


You were on level 2 of the Lair of Beasts.
You worshipped Okawaru.
Okawaru was greatly pleased with you.
You were not hungry.

You visited 2 branches of the dungeon, and saw 10 of its levels.

You collected 349 gold pieces.

Inventory:

Hand Weapons
 a - a +0 long sword (weapon)
 v - a +0 blowgun
Missiles
 w - 24 poisoned needles
 J - 2 tomahawks of returning (quivered)
 S - 13 tomahawks
Armour
 b - a +0 scale mail (worn)
 c - a +1 shield (worn)
 h - a +0 pair of gloves
 r - a steam dragon hide
 I - a +2 pair of gloves (worn)
 K - a +2 cloak (worn)
 R - a +2 hat (worn)
Jewellery
 j - an uncursed ring of ice
 p - a ring of poison resistance (left hand)
 t - an uncursed ring of teleportation
 W - an uncursed ring of fire
Scrolls
 e - 7 scrolls of remove curse
 k - a scroll of torment {unknown}
 n - 4 scrolls of enchant weapon {unknown}
 o - 3 scrolls of teleportation {unknown}
 u - 2 scrolls of blinking {unknown}
 y - 5 scrolls of identify
 A - 3 scrolls of random uselessness {unknown}
 Z - 2 scrolls of amnesia {unknown}
Potions
 d - a potion of brilliance {unknown}
 i - a potion of ambrosia
 l - 3 potions of resistance
 m - 3 potions of agility
 q - a potion of lignification {unknown}
 s - 4 potions of haste {unknown}
 z - a potion of berserk rage {unknown}
 C - a potion of invisibility {unknown}
 H - 2 potions of mutation {unknown}
 L - a potion of magic {unknown}
 N - a potion of beneficial mutation {unknown}
 P - a potion of heal wounds {unknown}
 T - a potion of curing {unknown}
 U - a potion of flight {unknown}
 Y - a potion of poison {unknown}
Comestibles
 f - 8 bread rations
 g - 14 chunks of flesh


   Skills:
 + Level 8.6(13.6) Fighting
 + Level 8.0(13.0) Long Blades
 + Level 0.6(5.6) Throwing
 + Level 7.3(12.3) Armour
 + Level 7.6(12.6) Dodging
 + Level 9.2(14.2) Shields
 + Level 3.6 Invocations


You had 10 spell levels left.
You didn't know any spells.

Dungeon Overview and Level Annotations

Branches:
Dungeon (8/15)             Temple (0/1) D:6            Lair (2/8) D:8

Altars:
Dithmenos
Elyvilon
Gozag
Kikubaaqudgha
Makhleb
Okawaru
Sif Muna
Yredelemnul

Annotations:
Lair:1 Urug
Lair:2 Fannar


Innate Abilities, Weirdness & Mutations

You have a pair of small horns on your head.
You are mostly covered in rugged brown scales (AC +2, +5% HP).
Your flesh is heat resistant.
You are significantly more attuned to the shadows.
You are immune to clouds of flame.


Message History

You block the ice beast's attack. x2
You barely miss Fannar.
Fannar is heavily wounded.
Fannar gestures wildly while chanting.
The ice beast closely misses you. Fannar blocks your attack.
Fannar is heavily wounded.
You block the ice beast's attack. You block Fannar's attack.
You slash Fannar! You headbutt Fannar, but do no damage.
Fannar is severely wounded.
You block the ice beast's attack.
You hit Fannar.
Fannar is severely wounded.
You block Fannar's attack. You block the ice beast's attack.
The ice beast misses you. The ice beast completely misses you.
Fannar blocks your attack.
Fannar is severely wounded.
Fannar gestures at you while chanting. The bolt of cold hits you!
You die...

. . . ..... .
...# . ###..#
. ##....## .
....YY.### .
....e@Y#.## #
.##.###...# #
# #...## ##
###..### ..
##...####.#
#......#.##
###.#......#
##P###......#
#P........###


You could see Fannar and 3 ice beasts.

Vanquished Creatures
  Gastronok (Lair:1)
  Pikel (D:4)
  A griffon (D:8)
  Joseph (Lair:1)
  A black mamba (Lair:1)
  3 spiny frogs
  3 komodo dragons
  5 blink frogs (Lair:1)
  A wyvern (D:8)
  3 hippogriffs
  11 yaks
  A basilisk (Lair:2)
  A steam dragon (Lair:2)
  3 wolves (Lair:2)
  3 water moccasins (Lair:1)
  2 orc warriors (D:7)
  2 porcupines
  A slave (D:2)
  A necrophage (D:7)
  3 ice beasts
  2 phantoms
  4 ogres
  2 centaurs
  2 crocodiles
  8 giant frogs
  3 scorpions
  6 killer bees
  A crimson imp (D:7)
  A jelly (D:5)
  A centaur skeleton (D:6)
  3 orc priests
  2 hounds
  A centaur zombie (D:7)
  Crazy Yiuf (D:5)
  10 orc wizards
  8 iguanas
  Ijyb (D:2)
  Terence (D:3)
  3 giant frog skeletons
  8 worker ants
  14 sheep (Lair:1)
  A hound skeleton (D:7)
  2 hound zombies (D:7)
  9 adders
  8 river rats (Lair:1)
  6 gnolls
  2 shadow imps (D:5)
  An ooze (D:1)
  An adder skeleton (D:6)
  2 adder zombies
  2 worms
  28 orcs
  2 giant cockroaches
  3 goblins
  14 hobgoblins
  3 jackals (D:4)
  3 quokkas
  2 ball pythons (D:3)
  9 bats
  2 giant geckos (D:2)
  A giant gecko zombie (D:4)
  A giant newt (D:2)
  5 kobolds
  8 rats
  A spectral orc (D:7)
246 creatures vanquished.

Vanquished Creatures (collateral kills)
  A giant frog (Lair:1)
1 creature vanquished.

Vanquished Creatures (others)
  2 fungi (Lair:1)
  2 plants (Lair:1)
4 creatures vanquished.

Grand Total: 251 creatures vanquished

Notes
Turn   | Place    | Note
--------------------------------------------------------------
     0 | D:1      | root the Demonspawn Fighter began the quest for the Orb.
     0 | D:1      | Reached XP level 1. HP: 18/18 MP: 1/1
   352 | D:1      | Gained mutation: You are partially covered in rugged brown scales (AC +1, +3% HP). [demonic ancestry]
   352 | D:1      | Reached XP level 2. HP: 15/24 MP: 2/2
   807 | D:2      | Gained mutation: You have a pair of small horns on your head. [demonic ancestry]
   807 | D:2      | Reached XP level 3. HP: 12/29 MP: 3/3
  1289 | D:2      | Reached skill level 1 in Dodging
  1584 | D:2      | Noticed Ijyb
  1590 | D:2      | Killed Ijyb
  1590 | D:2      | Gained mutation: You are mostly covered in rugged brown scales (AC +2, +5% HP). [demonic ancestry]
  1590 | D:2      | Reached XP level 4. HP: 29/36 MP: 4/4
  1800 | D:3      | Noticed Terence
  1861 | D:3      | Killed Terence
  1944 | D:3      | Gained mutation: You are slightly more attuned to the shadows. [demonic ancestry]
  1944 | D:3      | Reached XP level 5. HP: 23/44 MP: 5/5
  1950 | D:3      | Reached skill level 4 in Fighting
  2426 | D:3      | Found an iron altar of Okawaru.
  2447 | D:3      | Became a worshipper of Warmaster Okawaru
  2630 | D:3      | Noticed a centaur
  2639 | D:3      | Killed a centaur
  2639 | D:3      | Gained mutation: Your flesh is heat resistant. [demonic ancestry]
  2639 | D:3      | Reached XP level 6. HP: 28/50 MP: 6/6
  3413 | D:4      | Noticed Pikel
  3630 | D:4      | Killed Pikel
  3630 | D:4      | Reached XP level 7. HP: 37/57 MP: 7/7
  3688 | D:4      | Reached skill level 5 in Fighting
  3765 | D:4      | Reached skill level 5 in Shields
  3787 | D:4      | Gained mutation: You are immune to clouds of flame. [demonic ancestry]
  3787 | D:4      | Reached XP level 8. HP: 25/65 MP: 8/8
  4009 | D:4      | Found a shadowy altar of Dithmenos.
  4183 | D:5      | Entered Level 5 of the Dungeon
  4236 | D:5      | Found an ancient bone altar of Kikubaaqudgha.
  4780 | D:5      | Reached * piety under Okawaru
  4780 | D:5      | Reached skill level 5 in Armour
  4864 | D:5      | Noticed Crazy Yiuf
  4880 | D:5      | Killed Crazy Yiuf
  5297 | D:6      | Found a deep blue altar of Sif Muna.
  5298 | D:6      | Found an opulent altar of Gozag.
  5753 | D:6      | Found a staircase to the Ecumenical Temple.
  6099 | D:7      | Reached skill level 6 in Fighting
  6162 | D:7      | Reached skill level 5 in Long Blades
  6162 | D:7      | Reached XP level 9. HP: 72/72 MP: 9/9
  6179 | D:7      | Found a white marble altar of Elyvilon.
  6194 | D:7      | Reached ** piety under Okawaru
  6538 | D:7      | Reached skill level 1 in Invocations
  6721 | D:7      | Found a basalt altar of Yredelemnul.
  7376 | D:7      | Found a burning altar of Makhleb.
  7699 | D:7      | Reached skill level 7 in Shields
  7815 | D:8      | Found a staircase to the Lair.
  7852 | D:8      | Reached skill level 5 in Dodging
  8435 | D:8      | Noticed a griffon
  8452 | D:8      | Killed a griffon
  8452 | D:8      | Gained mutation: You are significantly more attuned to the shadows. [demonic ancestry]
  8452 | D:8      | Reached XP level 10. HP: 64/80 MP: 8/10
  8857 | Lair:1   | Entered Level 1 of the Lair of Beasts
  8919 | Lair:1   | Reached *** piety under Okawaru
  9262 | Lair:1   | Noticed Joseph
  9291 | Lair:1   | Killed Joseph
  9291 | Lair:1   | Reached skill level 8 in Shields
  9311 | Lair:1   | Noticed a black mamba
  9320 | Lair:1   | Killed a black mamba
  9351 | Lair:1   | Reached **** piety under Okawaru
  9584 | Lair:1   | Reached XP level 11. HP: 69/89 MP: 12/12
 10160 | Lair:1   | Found a shadowy altar of Dithmenos.
 10179 | Lair:1   | Noticed Gastronok
 10211 | Lair:1   | Killed Gastronok
 10582 | Lair:1   | Noticed Urug
 10878 | Lair:2   | Reached skill level 9 in Shields
 11091 | Lair:2   | Noticed an eight-headed hydra
 11695 | Lair:2   | Noticed Fannar
 11733 | Lair:2   | Killed from afar by Fannar

Vault maps used:
D:1:      minmay_arrival_hallway
D:2:      first_bread, uniq_iyjb
D:3:      lemuel_doored_altar, minmay_gold_behind_fungi, uniq_terence
D:4:      nicolae_dithmenos_through_a_glass_darkly, uniq_pikel
D:5:      lemuel_coloured_pillars_altar,
          hangedman_abyss_or_decor_jellyfish_corner, uniq_crazy_yiuf_cottage
D:6:      gammafunk_temple_overflow_pools, lemuel_temple_firewalk
D:7:      yredelemnul_forgotten_temple_becter, makhleb_blood_cavern_becter,
          kennysheep_mini
D:8:      dpeg_lair_monsters, columned_hall_lemuel, hex_tiny, uniq_psyche
Lair:1:   basic_altar, serial_bayou_shore_b, grunt_megastairs_3, uniq_gastronok,
          uniq_urug, uniq_joseph
Lair:2:   uniq_fannar

Action                   |  1- 3 |  4- 6 |  7- 9 | 10-12 || total
-------------------------+-------+-------+-------+-------++-------
Melee: Long sword        |   129 |   162 |   579 |   588 ||  1458
Throw: Tomahawk          |       |       |     2 |     4 ||     6
Invok: Heroism           |       |       |     6 |    16 ||    22
  Use: Scroll            |     5 |       |       |     3 ||     8
       Potion            |       |     2 |       |       ||     2
 Stab: Sleeping          |       |       |       |     6 ||     6
  Eat: Chunk             |     2 |     6 |    17 |    12 ||    37
       Pizza             |       |       |     1 |       ||     1
